 Dungeon Crawl Stone Soup version 0.29-a0-8-g0446c0dae4 (webtiles) character file.

Game seed: 4765171274691030037

4587 testman the Basher (level 10, -3/104 HPs)
             Began as a Troll Berserker on Jan 27, 2022.
             Was an Elder of Trog.
             Shot with an arrow by a centaur (6 damage)
             ... on level 7 of the Dungeon.
             The game lasted 00:28:59 (6824 turns).

testman the Basher (Troll Berserker)                Turns: 6824, Time: 00:29:00

Health: -3/104     AC:  5    Str: 31    XL:     10   Next: 18%
Magic:  9/9        EV: 14    Int:  3    God:    Trog [****..]
Gold:   417        SH:  0    Dex: 14    Spells: 9/9 levels left

rFire   + + .      SeeInvis .   e - +7 giant club (flame)
rCold   + . .      Faith    +   (shield currently unavailable)
rNeg    . . .      Spirit   .   b - +1 animal skin
rPois   .          Reflect  .   (helmet restricted)
rElec   .          Harm     .   n - scarf {rC+ rF+}
rCorr   .          Rampage  .   (gloves unavailable)
Will    ++...                   (boots unavailable)
Stlth   +.........              v - amulet of faith
HPRegen 2.07/turn               z - ring of Ecumn {rF+ EV+4 Dex+5}
MPRegen 0.11/turn               (no ring)

@: strong-willed, on berserk cooldown, regenerating, slowed, very slow
A: large, unfitting armour, claws 3, regeneration 1, shaggy fur 1, tough skin 1
a: Renounce Religion, Berserk, Trog's Hand, Brothers in Arms


You were on level 7 of the Dungeon.
You worshipped Trog.
Trog was greatly pleased with you.
You visited 1 branch of the dungeon, and saw 7 of its levels.
You also visited: Ossuary and Bailey.

You collected 417 gold pieces.

Inventory:

Hand Weapons
 e - a +7 giant club of flaming (weapon)
 m - a +3 whip of electrocution
 t - a +0 flail of venom
Missiles
 j - 203 stones
 o - 2 boomerangs (quivered)
 A - 3 large rocks
Armour
 b - a +1 animal skin (worn)
 n - a scarf of resistance (worn)
Jewellery
 v - an amulet of faith (around neck)
 z - the ring of Ecumn (left claw) {rF+ EV+4 Dex+5}
   (You found it on level 5 of the Dungeon)

   [ring of evasion]

   EV:        It affects your evasion (+4).
   Dex:       It affects your dexterity (+5).
   rF:        It protects you from fire.
Wands
 y - a wand of paralysis (9)
Scrolls
 d - 4 scrolls of fear
 h - 4 scrolls of teleportation
 r - a scroll of enchant weapon
 B - a scroll of holy word
Potions
 a - 2 potions of cancellation
 c - a potion of lignification
 f - a potion of degeneration {unknown}
 g - 5 potions of curing
 i - a potion of brilliance {unknown}
 k - 2 potions of mutation {unknown}
 p - a potion of haste {unknown}
 q - 3 potions of invisibility
 s - 4 potions of heal wounds
 w - 2 potions of might
Miscellaneous
 l - a phantom mirror


   Skills:
 + Level 8.2 Fighting
 + Level 9.0 Maces & Flails
 + Level 6.5 Throwing
 - Level 2.4 Dodging


You had 9 spell levels left.
You didn't know any spells.
Your spell library was empty.

Dungeon Overview and Level Annotations

Branches:
Dungeon (7/15)             Temple (0/1) D:4         Ossuary (visited)
 Bailey (visited)

Altars:
Elyvilon
Fedhas
Okawaru
Ru
Uskayaw
Vehumet
Wu Jian
Xom
Yredelemnul


Innate Abilities, Weirdness & Mutations

You are too large for most types of armour.
You have claws for hands.
Your natural rate of healing is unusually fast.
You are covered in fur. (AC +1)
You have tough skin. (AC +1)


Message History

You are more poisoned.
You have difficulty breathing.
You feel as though you will be slow longer.
The centaur shoots an arrow.
The arrow misses you.
You feel better.
The kobold brigand throws a curare-tipped dart.
The curare-tipped dart misses you.
The centaur shoots an arrow.
The arrow completely misses you.
The centaur shoots an arrow.
The arrow hits you!
The centaur shoots an arrow.
The arrow hits you.
The centaur shoots an arrow.
The arrow hits you!
The centaur shoots an arrow.
The arrow hits you!
* * * LOW HITPOINT WARNING * * *
The kobold brigand throws a curare-tipped dart.
The curare-tipped dart barely misses you.
The centaur shoots an arrow.
The arrow hits you!
* * * LOW HITPOINT WARNING * * *
The centaur shoots an arrow.
The arrow barely misses you.
Okay, then.
Okay, then.
Okay, then.
Your ogre goes berserk!
The kobold brigand hits your ogre with a +0 short sword.
The centaur shoots an arrow.
The arrow hits you.
* * * LOW HITPOINT WARNING * * *
Your ogre closely misses the kobold brigand.
The centaur shoots an arrow.
The arrow hits you.
* * * LOW HITPOINT WARNING * * *
The kobold brigand hits your ogre with a +0 short sword.
Your skin crawls.
You feel strong-willed. Trog will no longer gift you weapons.
Your ogre misses the kobold brigand.
The centaur shoots an arrow.
The arrow hits you!
* * * LOW HITPOINT WARNING * * *
The kobold brigand throws a curare-tipped dart.
The curare-tipped dart hits your ogre.
Your ogre is poisoned.
Your ogre convulses.
Your ogre seems to slow down.
Your ogre barely misses the kobold brigand.
The centaur shoots an arrow.
The arrow hits you.
You die...

#... #.##..# #
...#####....## #.
#..##.....# ####.
#........# # ....#
##.###....# #.
#..##.## ##...## ..
#....# #.....
#.#####...## #.....
#.@.##....## #.####
###Occl.#......##..
##K##..#.>.. #...
#..##...#........
#...).....###....
#.......)..K.........
.###.####...#.#######
#. #..#.l #. ..[.


You could see a wyvern, a kobold brigand (ally target), 2 centaurs and a
friendly ogre (summoned, berserk, very poisoned, slow).

Vanquished Creatures
  A gargoyle (Bailey)
  Sigmund (D:2)
  2 vampires (Bailey)
  A steam dragon (D:6)
  Menkaure (D:5)
  Duvessa (D:7)
  2 ice beasts
  An orc warrior (D:7)
  3 sky beasts
  2 black bears
  A necrophage (D:5)
  An ogre (D:7)
  2 centaurs
  2 phantoms (D:6)
  An elf zombie (Ossuary)
  4 scorpions
  A water moccasin zombie (D:5)
  A water moccasin skeleton (D:5)
  Dowan (D:7)
  8 vampire bats (Bailey)
  8 wolf zombies (Bailey)
  A howler monkey (D:5)
  An electric eel (D:6)
  4 centaur zombies
  3 human zombies (Ossuary)
  A gnoll shaman (D:2)
  An orc priest (D:7)
  2 hounds (D:5)
  A jelly (D:3)
  3 iguanas
  9 orc wizards
  A killer bee zombie (D:3)
  A hound skeleton (D:5)
  2 mummies (Ossuary)
  Robin (D:4)
  10 adders
  7 gnolls
  A shadow imp (D:7)
  An ufetubus (D:5)
  3 adder zombies
  3 dart slugs
  17 orcs
  4 bats
  6 endoplasms
  3 giant cockroaches
  16 goblins
  5 hobgoblins
  4 jackals (D:1)
  A quokka (D:2)
  4 ball pythons
  3 frilled lizards
  A goblin zombie (Ossuary)
  9 hobgoblin zombies (Ossuary)
  2 jackal zombies (Ossuary)
  4 kobolds
  11 kobold zombies (Ossuary)
  26 orc zombies
  5 rats
222 creatures vanquished.

Notes
Turn   | Place    | Note
-------+----------+-------------------------------------------
     0 | D:1      | testman the Troll Berserker began the quest for the Orb.
     0 | D:1      | Reached XP level 1. HP: 22/22 MP: 0/0
   268 | D:1      | Reached skill level 3 in Maces & Flails
   268 | D:1      | Reached XP level 2. HP: 29/29 MP: 1/1
   820 | D:2      | Noticed Sigmund
   846 | D:2      | Killed Sigmund
   847 | D:2      | Reached skill level 4 in Maces & Flails
   847 | D:2      | Reached XP level 3. HP: 39/39 MP: 2/2
   847 | D:2      | Reached XP level 4. HP: 48/48 MP: 3/3
   847 | D:2      | Reached XP level 5. HP: 54/54 MP: 4/4
  1468 | D:2      | Reached ** piety under Trog
  1469 | D:2      | Reached XP level 6. HP: 62/62 MP: 5/5
  1488 | D:2      | Found a faded altar of an unknown god.
  1896 | D:3      | Reached skill level 5 in Maces & Flails
  1913 | D:3      | Found a white marble altar of Elyvilon.
  1919 | D:3      | Found a shimmering altar of Xom.
  2146 | D:3      | Noticed a sky beast
  2159 | D:3      | Killed a sky beast
  2160 | D:3      | Reached skill level 5 in Fighting
  2160 | D:3      | Reached XP level 7. HP: 46/72 MP: 6/6
  2386 | D:4      | Found a staircase to the Ecumenical Temple.
  2530 | D:4      | Found an iron altar of Okawaru.
  2629 | D:4      | Reached skill level 1 in Throwing
  2687 | D:4      | Reached skill level 6 in Maces & Flails
  2950 | D:4      | Noticed Robin
  2968 | D:4      | Reached *** piety under Trog
  2979 | D:4      | Killed Robin
  3166 | D:5      | Entered Level 5 of the Dungeon
  3170 | D:5      | Noticed Menkaure
  3302 | D:5      | Found a sand-covered staircase.
  3306 | Ossuary  | Entered an ossuary
  3435 | Ossuary  | Reached **** piety under Trog
  3465 | Ossuary  | Reached XP level 8. HP: 71/83 MP: 7/7
  3705 | D:5      | Killed Menkaure
  3818 | D:5      | Reached skill level 7 in Maces & Flails
  3974 | D:5      | Found a basalt altar of Yredelemnul.
  4199 | D:5      | Identified the ring of Ecumn {rF+ EV+4 Dex+5}
  4346 | D:5      | Found a blossoming altar of Fedhas.
  4642 | D:6      | Reached XP level 9. HP: 65/92 MP: 8/8
  5069 | D:6      | Identified the +7 dagger of Sulphur {venom, Will+ Dex+4}
  5080 | D:6      | Noticed a +0 dagger
  5081 | D:6      | Found a hide-covered altar of Uskayaw.
  5081 | D:6      | Noticed a +0 dagger
  5302 | D:6      | Reached skill level 5 in Throwing
  5302 | D:6      | Found a sacrificial altar of Ru.
  5303 | D:6      | Found a radiant altar of Vehumet.
  5551 | D:6      | Reached skill level 8 in Maces & Flails
  5621 | D:7      | Found an ornate altar of the Wu Jian Council.
  5800 | D:7      | Found a flagged portal.
  5832 | Bailey   | Entered a bailey
  5900 | Bailey   | Reached ***** piety under Trog
  6070 | Bailey   | Received a gift from Trog
  6249 | Bailey   | Noticed a gargoyle
  6254 | Bailey   | Killed a gargoyle
  6316 | Bailey   | Reached XP level 10. HP: 31/104 MP: 9/9
  6434 | Bailey   | Identified the +1 leather armour of Zaiby {Slay+3}
  6793 | D:7      | Noticed Dowan
  6794 | D:7      | Noticed Duvessa
  6800 | D:7      | Killed Duvessa
  6808 | D:7      | Killed Dowan
  6813 | D:7      | Reached skill level 9 in Maces & Flails
  6824 | D:7      | HP: 3/104 [centaur/arrow (7)]
  6824 | D:7      | Shot with an arrow by a centaur

Illustrated notes

Levels and vault maps discovered:
D:1:      dpeg_arrival_more_subterranean_lakeside_camping, layout_basic,
          serial_aquarium, aquarium_bridge_square [aquarium_subvault_bridge,
          aquarium_subvault_bridge, aquarium_subvault_wall,
          aquarium_subvault_bridge], aquarium_window_fake, aquarium_window_1,
          aquarium_view_2c, aquarium_view_2a, aquarium_balcony_1b,
          aquarium_pool_1, minmay_misc_feat_five,
          nicolae_concentric_dashed_squares_wild
D:2:      layout_loops_corners, hellmonk_ecumenical_altar_leap_of_faith,
          st_stairs_5, uniq_sigmund
D:3:      layout_basic, mainiacjoe_overflow_large_starburst, kennysheep_doodads,
          kennysheep_generic_room_2
D:4:      layout_basic, mainiacjoe_overflow_alcove_1, temple_fountains,
          uniq_robin
D:5:      layout_gridville, mainiacjoe_overflow_small_starburst,
          lemuel_tele_altar, lightli_ossuary_entry_decrepit_ruins,
          water_maze_lemuel, uniq_menkaure
D:6:      layout_gridville, dancing_weapons_uskayaw, nicolae_overflow_squiral,
          hangedman_decor_growths, hangedman_decor_points, corexii_shack,
          kennysheep_generic_room_14
D:7:      minmay_the_grid_triangle_9x9_rhombus_full
          [minmay_the_grid_triangle_9x9_corruption,
          minmay_the_grid_triangle_9x9_semitri,
          minmay_the_grid_triangle_9x9_negative_grid,
          minmay_the_grid_triangle_9x9_flanged_cone,
          minmay_the_grid_triangle_9x9_tough_junction,
          minmay_the_grid_triangle_9x9_limited_checkers,
          minmay_the_grid_triangle_9x9_corrupted_corridor,
          minmay_the_grid_triangle_9x9_prize_special], layout_layer_cave,
          mainiacjoe_overflow_catwalk, enter_bailey_5, uniq_duvessa

Skill      XL: |  1  2  3  4  5  6  7  8  9 10 |
---------------+-------------------------------+-----
Maces & Flails | 3 4 5 6 7 8 9 |  9.0
Fighting       | 3 4 5 6 7 8 |  8.2
Throwing       | 2 4 6 |  6.5
Dodging        | |  2.4

Action                   |  1- 3 |  4- 6 |  7- 9 | 10-12 || total
-------------------------+-------+-------+-------+-------++-------
Melee: Mace              |    33 |     8 |       |       ||    41
       Whip              |       |   123 |   422 |       ||   545
       Punch             |       |       |     8 |       ||     8
       Flail             |       |       |    87 |       ||    87
       Giant club        |       |       |    31 |    27 ||    58
Throw: Boomerang         |       |       |     6 |     1 ||     7
Invok: Berserk           |     1 |     2 |     5 |     1 ||     9
       Trog's Hand       |       |       |     1 |     1 ||     2
       Brothers in Arms  |       |       |       |     1 ||     1
  Use: Scroll            |       |       |    16 |       ||    16
       Potion            |       |       |     1 |     1 ||     2
 Stab: Sleeping          |       |       |       |     1 ||     1
Armor: Animal skin       |    12 |    33 |   124 |     6 ||   175
Dodge: Dodged            |    17 |    54 |   311 |    29 ||   411

Table legend: (Time is in decaauts)
 A = Elapsed time spent in this place.
 B = Non-inter-level travel time spent in this place.
 C = Inter-level travel time spent in this place.
 D = Time resting spent in this place.
 E = Time spent auto-exploring this place.
 F = Levels seen in this place.
 G = Mean time per level.
                   A        B        C        D        E       F      G
               +--------+--------+--------+--------+--------+-----+--------+
         Total |   6815 |   6613 |    202 |    566 |   4338 |   9 |  757.2 |
       Dungeon |   5854 |   5652 |    202 |    335 |   4113 |   7 |  836.3 |
       Ossuary |    255 |    255 |      0 |      0 |     91 |   1 |  255.0 |
        Bailey |    705 |    705 |      0 |    231 |    134 |   1 |  705.0 |
               +--------+--------+--------+--------+--------+-----+--------+

Top non-repeatable levels by time:
     D:5: 1095 daAuts
     D:6: 999 daAuts
     D:2: 993 daAuts
     D:4: 879 daAuts
     D:1: 757 daAuts
  Bailey: 705 daAuts
     D:3: 608 daAuts
     D:7: 522 daAuts
 Ossuary: 255 daAuts
